 Dungeon Crawl Stone Soup version bcrawl-1.38.3 (webtiles) character file.

Game seed: 6811039022706344269

142128 Mrkan the Sneak (level 5, -11/40 HPs)
             Began as a Gnoll Archaeologist on May 26, 2023.
             Killed by divine providence
             ... invoked by an orc priest
              (12 damage)
             ... on level 3 of the Dungeon.
             The game lasted 00:04:49 (2060 turns).

Mrkan the Sneak (Gnoll Archaeologist)               Turns: 2060, Time: 00:04:50

Health: -11/40     AC: 11    Str: 15    XL:     5   Next: 1%
Magic:  6/6        EV:  8    Int: 16    God:
Gold:   177        SH:  0    Dex: 13    Spells: 6/6 levels left

rFire    . . .     GDR:     26% a - +0 whip
rCold    . . .     SeeInvis .   (no shield)
rNeg     . . .     Gourm    .   p - +0 chain mail
rPois    .         Faith    .   d - +1 hat
rElec    .         Spirit   .   (no cloak)
rCorr    .         Reflect  .   (no gloves)
MR       .....                  j - +1 pair of boots
Stlth    ..........             (no amulet)
HPRegen  0.16/turn              (no ring)
MPRegen  0.10/turn              (no ring)

@: no status effects
A: distributed training, fangs 1, strong nose
a: no special abilities


You were on level 3 of the Dungeon.
You were not hungry.

You visited 1 branch of the dungeon, and saw 3 of its levels.

You collected 177 gold pieces.

Inventory:

Hand Weapons
 a - a +0 whip (weapon)
 b - a +0 blowgun
 s - a +0 dagger of venom
Missiles
 f - 3 curare-tipped needles (quivered)
 t - 196 poisoned tomahawks
Armour
 c - a +1 robe
 d - a +1 hat (worn)
 j - a +1 pair of boots (worn)
 p - a +0 chain mail (worn)
Jewellery
 o - the ring of Uliry {Fire rElec MR++ Str-5 Stlth-}
   (You found it on level 1 of the Dungeon)

   [ring of fire]

   It enhances your fire magic.
   It affects your strength (-5).
   It protects you from fire.
   It makes you vulnerable to cold.
   It insulates you from electricity.
   It affects your resistance to hostile enchantments.
   It makes you less stealthy.
Scrolls
 g - a scroll of magic mapping
 h - a scroll of acquirement
 i - 2 scrolls of identify
 l - a scroll of immolation {unknown}
 n - 2 scrolls of remove curse
 r - a scroll of enchant armour {unknown}
 v - 2 scrolls of enchant weapon {unknown}
Potions
 k - a potion of haste {unknown}
 m - a potion of agility {unknown}
 q - a potion of mutation {unknown}
 u - a potion of heal wounds {unknown}
 w - a potion of curing {unknown}
 x - a potion of flight {unknown}
Comestibles
 e - 3 rations {!d}
 z - 2 chunks of flesh


   Skills:
 + Level 2.8 Fighting
 + Level 1.2 Short Blades
 + Level 1.2 Long Blades
 + Level 1.2 Axes
 + Level 2.8 Maces & Flails
 + Level 1.2 Polearms
 + Level 1.2 Staves
 + Level 1.2 Slings
 + Level 1.2 Bows
 + Level 1.2 Crossbows
 + Level 1.2 Throwing
 + Level 1.2 Armour
 + Level 6.6 Dodging
 + Level 6.6 Stealth
 + Level 1.2 Shields
 + Level 1.2 Unarmed Combat
 + Level 1.2 Spellcasting
 + Level 1.0 Conjurations
 + Level 1.0 Hexes
 + Level 1.0 Charms
 + Level 1.0 Summonings
 + Level 1.0 Necromancy
 + Level 1.0 Translocations
 + Level 1.0 Transmutations
 + Level 1.0 Fire Magic
 + Level 1.0 Ice Magic
 + Level 1.0 Air Magic
 + Level 1.0 Earth Magic
 + Level 1.0 Poison Magic
 + Level 1.4 Invocations
 + Level 1.2 Evocations


You had 6 spell levels left.
You didn't know any spells.
Your spell library contained the following spells:

 Spells                   Type           Power        Failure   Level  Hunger
 Apportation              Tloc           #.....       98%         1    None
 Corona                   Hex            #......      98%         1    None
 Infusion                 Chrm           #.......     98%         1    None
 Sandblast                Erth           #.....       98%         1    None
 Slow                     Hex            #.......     98%         1    None
 Summon Butterflies       Summ           #.......     98%         1    None


Dungeon Overview and Level Annotations

Branches:
Dungeon (3/12)

Altars:


Innate Abilities, Weirdness & Mutations

Your experience applies equally to all skills.
You have very sharp teeth.
Your uncanny sense of smell can sniff out nearby items.


Message History

The orc priest barely misses you.
You closely miss the orc priest.
You bite the orc priest, but do no damage.
The orc priest hits you with a +0 trident.
* * * LOW HITPOINT WARNING * * *
You closely miss the orc priest.
The orc priest mumbles some strange prayers to Beogh against you.
Pain shoots through your body!
* * * LOW HITPOINT WARNING * * *
You barely miss the orc priest.
You hit the orc priest but do no damage.
The orc priest hits you but does no damage.
You hit the orc priest but do no damage.
The orc priest hits you with a +0 trident.
* * * LOW HITPOINT WARNING * * *
You hit the orc priest.
The orc priest is heavily wounded.
The orc priest calls down the wrath of Beogh upon you.
Beogh smites you!
You die...

##### #...# #. ###.#.###
#..########...#...#
#.Ko@......#####.#
##########...#...#
###.#.### #...# ...#
############.#####
#..###...รท............#
##..##..)#########.###.#
.....[..# #.# #.#
#..##...#########.###.#


You could see an orc priest and a kobold.

Vanquished Creatures
  An orc priest (D:3)
  2 adders
  A worm (D:1)
  4 dart slugs
  A leopard gecko (D:2)
  2 orcs (D:3)
  6 giant cockroaches
  6 goblins
  6 hobgoblins
  4 jackals (D:1)
  A quokka (D:3)
  A bat (D:1)
  A frilled lizard (D:1)
  8 kobolds
  2 rats
46 creatures vanquished.

Notes
Turn   | Place    | Note
-------+----------+-------------------------------------------
     0 | D:1      | Mrkan the Gnoll Archaeologist began the quest for the Orb.
     0 | D:1      | Reached XP level 1. HP: 17/17 MP: 1/1
   165 | D:1      | Reached XP level 2. HP: 23/23 MP: 2/2
   407 | D:1      | Reached XP level 3. HP: 5/28 MP: 3/3
   763 | D:1      | Got a heavily runed iron ring
  1018 | D:2      | Reached skill level 1 in Invocations
  1137 | D:2      | Reached skill level 1 in Short Blades
  1137 | D:2      | Reached skill level 1 in Long Blades
  1137 | D:2      | Reached skill level 1 in Axes
  1137 | D:2      | Reached skill level 1 in Polearms
  1137 | D:2      | Reached skill level 1 in Staves
  1137 | D:2      | Reached skill level 1 in Slings
  1137 | D:2      | Reached skill level 1 in Bows
  1137 | D:2      | Reached skill level 1 in Crossbows
  1137 | D:2      | Reached skill level 1 in Throwing
  1137 | D:2      | Reached skill level 1 in Armour
  1137 | D:2      | Reached skill level 1 in Shields
  1137 | D:2      | Reached skill level 1 in Unarmed Combat
  1137 | D:2      | Reached skill level 1 in Spellcasting
  1137 | D:2      | Reached skill level 1 in Evocations
  1260 | D:2      | Found a faded altar of an unknown god.
  1362 | D:2      | Reached XP level 4. HP: 31/34 MP: 5/5
  1610 | D:2      | Identified the ring of Uliry {Fire rElec MR++ Str-5 Stlth-}
                  | (You found it on level 1 of the Dungeon)
  2035 | D:3      | Reached skill level 1 in Conjurations
  2035 | D:3      | Reached skill level 1 in Hexes
  2035 | D:3      | Reached skill level 1 in Charms
  2035 | D:3      | Reached skill level 1 in Summonings
  2035 | D:3      | Reached skill level 1 in Necromancy
  2035 | D:3      | Reached skill level 1 in Translocations
  2035 | D:3      | Reached skill level 1 in Transmutations
  2035 | D:3      | Reached skill level 1 in Fire Magic
  2035 | D:3      | Reached skill level 1 in Ice Magic
  2035 | D:3      | Reached skill level 1 in Air Magic
  2035 | D:3      | Reached skill level 1 in Earth Magic
  2035 | D:3      | Reached skill level 1 in Poison Magic
  2042 | D:3      | Reached XP level 5. HP: 23/40 MP: 6/6
  2042 | D:3      | Identified a scroll of acquirement
  2056 | D:3      | HP: 1/40 [orc priest/nerve-wracking pain (8)]
  2060 | D:3      | Killed from afar by an orc priest

Skill      XL: |  1  2  3  4 |
---------------+-------------+-----
Invocations    | 1 |  1.4
Short Blades   | 1 |  1.2
Long Blades    | 1 |  1.2
Axes           | 1 |  1.2
Polearms       | 1 |  1.2
Staves         | 1 |  1.2
Slings         | 1 |  1.2
Bows           | 1 |  1.2
Crossbows      | 1 |  1.2
Throwing       | 1 |  1.2
Armour         | 1 |  1.2
Shields        | 1 |  1.2
Unarmed Combat | 1 |  1.2
Spellcasting   | 1 |  1.2
Evocations     | 1 |  1.2
Conjurations   | 1 |  1.0
Hexes          | 1 |  1.0
Charms         | 1 |  1.0
Summonings     | 1 |  1.0
Necromancy     | 1 |  1.0
Translocations | 1 |  1.0
Transmutations | 1 |  1.0
Fire Magic     | 1 |  1.0
Ice Magic      | 1 |  1.0
Air Magic      | 1 |  1.0
Earth Magic    | 1 |  1.0
Poison Magic   | 1 |  1.0
Fighting       | |  2.8
Maces & Flails | |  2.8
Dodging        | |  6.6
Stealth        | |  6.6

Action                   |  1- 3 |  4- 6 || total
-------------------------+-------+-------++-------
Melee: Whip              |   147 |   127 ||   274
       Bite              |    11 |     8 ||    19
  Use: Scroll            |       |     1 ||     1
 Stab: Sleeping          |    10 |     1 ||    11
  Eat: Chunk             |     5 |     3 ||     8
       Ration            |       |     1 ||     1
Armor: Robe              |    30 |     5 ||    35
       Chain mail        |       |    54 ||    54
Dodge: Dodged            |   111 |    55 ||   166
